 Dungeon Sprint DCSS version 0.30.1-4-g462c640d31 (webtiles) character file.

Game seed: 8842879433049341309

31600 Heoruswealwe the Ninja (level 13, -3/76 HPs)
             Began as a Spriggan Artificer on Sept 6, 2023.
             Was an Initiate of Gozag.
             Killed by an exploding ball lightning (21 damage)
             ... in the Dungeon (Sprint I: "Red Sonja").
             The game lasted 01:22:26 (3033 turns).

Heoruswealwe the Ninja (Spriggan Artificer)         Turns: 3033, Time: 01:22:27

Health: -3/76      AC: 18    Str:  8    XL:     13   Next: 26%
Magic:  14/14      EV: 14    Int: 13    God:    Gozag
Gold:   1106       SH:  0    Dex: 20    Spells: 12/12 levels left

rFire   + + +        a - +9 short sword of Uskayaw's Castigation {flame, rF++}
rCold   + . .        (no shield)
rNeg    + . .        c - +2 shadow dragon scales
rPois   +            (helmet restricted)
rElec   .            h - +4 dragonskin cloak
rCorr   +            (gloves unavailable)
SInv    +            (boots unavailable)
Will    +++..        i - amulet of the acrobat
Stlth   ++++++++++   k - ring "Uti Gocw" {rPois rF+ rC+ rN+}
HPRegen 0.32/turn    j - ring of Fun {Will+ rCorr Slay+6}
MPRegen 0.14/turn

%: no teleportation, acrobat
@: silenced, gold aura, very quick
A: very small, no large weapons, unfitting armour, see invisible, speed 3
a: Renounce Religion


You were in the Dungeon.
You worshipped Gozag.
Gozag was most pleased with you.
You visited 1 branch You collected 11279 gold pieces.
You spent 8270 gold pieces at shops.
You donated 36 gold pieces to Zin.
You paid 1867 gold pieces to Gozag.

Inventory:

Hand Weapons
 a - the +9 short sword of Uskayaw's Castigation (weapon) {flame, rF++}
   (You bought it in a shop in the Dungeon)

   rF:        It greatly protects you from fire.
Armour
 c - +2 shadow dragon scales (worn)
 g - the +1 robe "Woyrept" {Fly Int-2 Dex+4}
   (You bought it in a shop in the Dungeon)

   Int:       It affects your intelligence (-2).
   Dex:       It affects your dexterity (+4).
   Fly:       It grants you flight.
 h - the +4 dragonskin cloak (worn)
   (You took it off Tiamat in the Dungeon)

   Avatar's Aegis: It grants the wearer a chance to resist fire, cold, poison,
   electricity, acid, and negative energy.
Jewellery
 i - an amulet of the acrobat (around neck)
 j - the ring of Fun (right hand) {Will+ rCorr Slay+6}
   (You bought it in a shop in the Dungeon)

   [ring of willpower]

   Slay:      It affects your accuracy & damage with ranged weapons and melee
   (+6).
   rCorr:     It protects you from acid and corrosion.
   Will:      It increases your willpower.
 k - the ring "Uti Gocw" (left hand) {rPois rF+ rC+ rN+}
   (You bought it in a shop in the Dungeon)

   [ring of poison resistance]

   rF:        It protects you from fire.
   rC:        It protects you from cold.
   rPois:     It protects you from poison.
   rN:        It protects you from negative energy.
 u - the ring "Qatamuex" {Fly rC- rN++ Dex+3 SInv}
   (You bought it in a shop in the Dungeon)

   [ring of flight]

   Dex:       It affects your dexterity (+3).
   rC:        It makes you vulnerable to cold.
   rN:        It greatly protects you from negative energy.
   SInv:      It lets you see invisible.
   Fly:       It grants you flight.
Wands
 b - a wand of flame (5) (quivered)
 d - a wand of charming (26)
 s - a wand of digging (5)
Scrolls
 e - 7 scrolls of identify
Potions
 q - a potion of cancellation
 v - a potion of might
 w - 3 potions of mutation
 z - a potion of flight
 B - a potion of resistance
Miscellaneous
 l - a box of beasts
 m - a lightning rod (3/4)
 o - a phial of floods
 p - a piece from Xom's chessboard (15/15)


   Skills:
 + Level 12.4 Fighting
 + Level 15.7 Short Blades
 * Level 23.8 Dodging
 O Level 27 Stealth
 + Level 18.9 Evocations


You had 12 spell levels left.
You didn't know any spells.
Your spell library contained the following spells:

 Spells                   Type           Power      Damage    Failure   Level
 Necrotise                Necr           0%         1d4       100%        1
 Cigotuvi's Dreadful Rot  Necr/Pois/Air  0%         N/A       100%        2
 Dazzling Flash           Conj/Hex       0%         N/A       100%        3
 Ozocubu's Armour         Ice            0%         N/A       100%        3
 Vampiric Draining        Necr           0%         2d6       100%        3
 Dispel Undead            Necr           0%         3d6       100%        4
 Agony                    Necr           0%         N/A       100%        5
 Metabolic Englaciation   Hex/Ice        0%         N/A       100%        5
 Silence                  Hex/Air        0%         N/A       100%        5
 Death Channel            Necr           0%         N/A       100%        6
 Simulacrum               Ice/Necr       Unusable   N/A       N/A         6

Dungeon Overview and Level Annotations

Branches:
Dungeon (1/1)

Altars:
Cheibriados
Dithmenos
Elyvilon
Fedhas
Gozag
Hepliaklqana
Kikubaaqudgha
Makhleb
Nemelex Xobeh
Okawaru
Qazlal
Ru
Sif Muna
Trog
Uskayaw
Vehumet
Wu Jian
Xom
Yredelemnul
Zin
The Shining One
Jiyva
Lugonu

Shops:
D ***:=[((***[*!=?=?[=([:*(

Annotations:
D Lom Lobon


Innate Abilities, Weirdness & Mutations

You are very small and have problems with some larger weapons.
You are too small for most types of armour.
You have supernaturally acute eyesight. (SInv)
You cover ground extremely quickly. (Speed+++)


Message History

Press: ? - help, Shift-Dir - straight line, f/p - 27-headed Lernaean hydra
Aim: the 27-headed Lernaean hydra (severely wounded, strong, slightly transparent, misshapen and mutated)
The thunderbolt hits the 27-headed Lernaean hydra!!!
You kill the 27-headed Lernaean hydra!
Your box of beasts has recharged.
Your lightning rod (4/4) has regained three charges.
Your phial of floods has recharged.
Your piece from Xom's chessboard (15/15) has regained five charges.
You now have 1106 gold pieces (gained 144).
You start resting.
Lom Lobon, Demon Lord of Forbidden Knowledge appears from thin air!
You can't see any enemies this would affect, really read the scroll of silence?
As you read the scroll of silence, it crumbles to dust.
A profound silence engulfs you.
Lom Lobon gestures. 3 ball lightnings come into view.
You are too injured to fight recklessly!
Aiming: Thunderbolt
Press: ? - help, Shift-Dir - straight line, f - ball lightning
Aim: a ball lightning (silenced)
The thunderbolt hits the ball lightning.
The ball lightning completely resists.
The thunderbolt hits the ball lightning.
The ball lightning completely resists.
The ball lightning explodes!
The blast of lightning engulfs your mature oxsting beast!!!
The blast of lightning engulfs Lom Lobon.
Lom Lobon completely resists.
The blast of lightning engulfs the ball lightning.
The ball lightning completely resists.
The blast of lightning engulfs the ball lightning.
The ball lightning completely resists.
The ball lightning explodes!
The blast of lightning engulfs your mature oxsting beast!!!
Your mature oxsting beast dies!
Your mature oxsting beast's corpse disappears in a puff of smoke!
The blast of lightning engulfs Lom Lobon.
Lom Lobon completely resists.
The blast of lightning engulfs you!!
You die...
Your body crumbles into a pile of gold.

#######################**********
.§§§'.§§.§§+..#∩.+§§.§#,,,$$$$$$*
§####..§§§##..+..#§§§.##,,$$$$$$*
§#)###§§§#######'#§§§§.#####$$$$*
.#'#.###+#.=.##..#§.§§§#...#$$$$*
##...#.#.##...#.@##.§.§#(∩!#$$$$*
○#...).#..)...#..≈###+##...#$$$$*
°+.....##.#.#.#..≈)|#.####+#$$$$*
.#.....#..###.#§)≈)##+#§§§§##$$$*
°###++##.##...#.)≈##§§§§§§..##$$*
###..###..#'###&.≈#§§§....§§.#$$*
####..###...#.≈.*##§.§..§§...##$*
#..#..#.###.#.≈..#.§§.§§)§...§#,*
#..°......#.###~~#....§.§.....#$*


You could see Lom Lobon and a ball lightning.

Vanquished Creatures
  Tiamat (D)
  the Lernaean hydra (D)
  A golden dragon (D)
  A shadow dragon (D)
  4 fire giants (D)
  A lorocyproca (D)
  A deep elf annihilator (D)
  A mummy priest (D)
  A hydra (D)
  2 centaur warriors (D)
  Sonja (D)
  A deep troll (D)
  A lindwurm (D)
  2 oklob plants (D)
  8 shining eyes (D)
  3 demonic crawlers (D)
  2 merfolk sirens (D)
  7 unseen horrors (D)
  2 gargoyles (D)
  2 kobold demonologists (D)
  A meliai (D)
  A hellwing (D)
  5 hornets (D)
  A slime creature (D)
  Sigmund (D)
  A yak (D)
  13 hogs (D)
  2 redbacks (D)
  7 floating eyes (D)
  An ogre (D)
  7 necrophages (D)
  8 jellies (D)
  Ijyb (D)
  A ballistomycete spore (D)
93 creatures vanquished.

Vanquished Creatures (collateral kills)
  A daeva (D)
1 creature vanquished.

Vanquished Creatures (others)
  A demonic crawler (D)
  2 ball lightnings (D)
  A ballistomycete spore (D)
4 creatures vanquished.

Grand Total: 98 creatures vanquished

Notes
Turn   | Place    | Note
-------+----------+-------------------------------------------
     0 | D        | Heoruswealwe the Spriggan Artificer began the quest for the
                  | Orb.
     0 | D        | Reached XP level 1. HP: 9/9 MP: 2/2
     1 | D        | Noticed Ijyb
    10 | D        | Killed Ijyb
    11 | D        | Reached skill level 9 in Stealth
    11 | D        | Reached XP level 2. HP: 8/14 MP: 3/3
    61 | D        | Noticed an ogre
    64 | D        | Killed an ogre
    65 | D        | Reached skill level 14 in Stealth
    65 | D        | Reached XP level 3. HP: 17/17 MP: 4/4
    65 | D        | Reached XP level 4. HP: 21/21 MP: 5/5
    73 | D        | Noticed Sigmund
    76 | D        | Killed Sigmund
    77 | D        | Reached skill level 18 in Stealth
    77 | D        | Reached XP level 5. HP: 25/25 MP: 6/6
    77 | D        | Reached XP level 6. HP: 29/29 MP: 7/7
    89 | D        | Found an ornate altar of the Wu Jian Council.
    89 | D        | Found a shimmering blue altar of Sif Muna.
    91 | D        | Found a radiant altar of Vehumet.
    96 | D        | Reached skill level 19 in Stealth
   125 | D        | Found Ysotwyen's Book Emporium.
   125 | D        | Found an ancient bone altar of Kikubaaqudgha.
   125 | D        | Found a hazy altar of Hepliaklqana.
   125 | D        | Found a stormy altar of Qazlal.
   125 | D        | Found a hide-covered altar of Uskayaw.
   125 | D        | Found a blossoming altar of Fedhas.
   125 | D        | Found a bloodstained altar of Trog.
   125 | D        | Found an iron altar of Okawaru.
   125 | D        | Found a basalt altar of Yredelemnul.
   125 | D        | Found a glowing golden altar of the Shining One.
   125 | D        | Found a snail-covered altar of Cheibriados.
   125 | D        | Found a sacrificial altar of Ru.
   125 | D        | Found a glowing silver altar of Zin.
   125 | D        | Found a shadowy altar of Dithmenos.
   125 | D        | Found a white marble altar of Elyvilon.
   125 | D        | Noticed a yak
   126 | D        | Found an opulent altar of Gozag.
   127 | D        | Killed a yak
   128 | D        | Reached skill level 21 in Stealth
   128 | D        | Found a sparkling altar of Nemelex Xobeh.
   133 | D        | Became a worshipper of Zin the Law-Giver
   133 | D        | Reached * piety under Zin
   133 | D        | Reached ** piety under Zin
   133 | D        | Reached *** piety under Zin
   133 | D        | Reached **** piety under Zin
   133 | D        | Reached ***** piety under Zin
   133 | D        | Reached ****** piety under Zin
   142 | D        | Noticed Sonja
   146 | D        | Killed Sonja
   147 | D        | Reached skill level 25 in Stealth
   147 | D        | Reached XP level 7. HP: 32/32 MP: 8/8
   159 | D        | Found Qesuta's Assorted Antiques.
   167 | D        | Bought a scintillating granite ring for 100 gold pieces
   167 | D        | Identified the ring "Qatamuex" {Fly rC- rN++ Dex+3 SInv}
                  | (You bought it in a shop in the Dungeon)
   167 | D        | Bought a rapier for 80 gold pieces
   167 | D        | Bought a scroll labelled GIEBENOTHRA for 20 gold pieces
   167 | D        | Bought a scroll labelled BAAPOAHATT for 20 gold pieces
   188 | D        | Noticed a shining eye
   188 | D        | Noticed a shining eye
   188 | D        | Noticed a shining eye
   188 | D        | Noticed a shining eye
   188 | D        | Noticed a shining eye
   188 | D        | Noticed a shining eye
   191 | D        | Reached skill level 1 in Fighting
   191 | D        | Reached skill level 1 in Short Blades
   191 | D        | Reached XP level 8. HP: 37/37 MP: 9/9
   191 | D        | Noticed a shining eye
   191 | D        | Noticed a shining eye
   197 | D        | Reached skill level 5 in Evocations
   200 | D        | Killed a shining eye
   201 | D        | Killed a shining eye
   202 | D        | Reached skill level 5 in Short Blades
   202 | D        | Reached XP level 9. HP: 45/45 MP: 10/10
   204 | D        | Killed a shining eye
   205 | D        | Reached skill level 26 in Stealth
   210 | D        | Killed a shining eye
   211 | D        | Reached skill level 5 in Fighting
   211 | D        | Paralysed by a floating eye for 3 turns
   216 | D        | Killed a shining eye
   218 | D        | Paralysed by a floating eye for 2 turns
   245 | D        | Killed a shining eye
   246 | D        | Reached skill level 10 in Evocations
   269 | D        | Killed a shining eye
   270 | D        | Reached skill level 10 in Dodging
   270 | D        | Reached XP level 10. HP: 53/53 MP: 11/11
   291 | D        | Killed a shining eye
   292 | D        | Reached skill level 27 in Stealth
   315 | D        | Fell from the grace of Zin
   315 | D        | Became a worshipper of Gozag Ym Sagoz the Greedy
   323 | D        | Noticed a deep troll
   327 | D        | Killed a deep troll
   334 | D        | Found Luicuis's Armour Emporium.
   421 | D        | Bought a wand of digging (6) for 504 gold pieces
   431 | D        | Found Bolohot's Assorted Antiques.
   431 | D        | Found Onoo's Jewellery Shop.
   431 | D        | Found Nivylum's Assorted Antiques.
   431 | D        | Found Nustir's Armour Boutique.
   435 | D        | Bought 2 scrolls labelled WATHUOSAJO for 62 gold pieces
   435 | D        | Bought a scroll labelled HEBRA LACHOL for 31 gold pieces
   435 | D        | Bought a scroll labelled WATHUOSAJO for 31 gold pieces
   485 | D        | Found a burning altar of Makhleb.
   485 | D        | Found a viscous altar of Jiyva.
   485 | D        | Found a shimmering altar of Xom.
   485 | D        | Found a corrupted altar of Lugonu.
   521 | D        | Noticed an orange demon
   580 | D        | Bought a scroll of blinking for 232 gold pieces
   587 | D        | Bought a viscous cyan potion for 21 gold pieces
   587 | D        | Bought a scroll labelled ZINNIMM TOLYR for 24 gold pieces
   594 | D        | Bought a +0 cloak for 49 gold pieces
   640 | D        | Noticed a centaur warrior
   641 | D        | Noticed a centaur warrior
   644 | D        | Killed a centaur warrior
   646 | D        | Killed a centaur warrior
   668 | D        | Reached skill level 10 in Short Blades
   679 | D        | Noticed an oklob plant
   681 | D        | Killed an oklob plant
   700 | D        | Reached XP level 11. HP: 60/60 MP: 12/12
   804 | D        | Reached skill level 15 in Dodging
   804 | D        | Identified the +6 sling of the Pure Runes {freeze, Contam
                  | rElec Str+5 Dex+8}
   886 | D        | Found Gimes's Antique Weapon Shoppe.
   886 | D        | Found Uhuseit's Antique Weapon Shop.
   886 | D        | Found Peodotett's General Store.
   892 | D        | Found Woriw's Jewellery Boutique.
   892 | D        | Found Gyodic's Book Emporium.
   892 | D        | Found Laniduwi's Weapon Emporium.
   921 | D        | Found Teamifi's Antique Armour Boutique.
   921 | D        | Found Jooth's Jewellery Shoppe.
   921 | D        | Found Benytwug's Jewellery Shop.
   921 | D        | Found Vugeam's Distillery.
   921 | D        | Found Mysuisch's General Store.
   921 | D        | Found Fiojyt's Armour Shoppe.
   921 | D        | Found Daarafea's Assorted Antiques.
   924 | D        | Bought the ring "Uti Gocw" {rPois rF+ rC+ rN+} for 587 gold
                  | pieces
   926 | D        | Found Wuraly's Assorted Antiques.
   928 | D        | Bought the ring of Fun {Will+ rCorr Slay+6} for 690 gold
                  | pieces
   936 | D        | Bought a green potion for 29 gold pieces
   936 | D        | Bought a scroll labelled HEBRA LACHOL for 33 gold pieces
   936 | D        | Bought 2 dark potions for 59 gold pieces
   936 | D        | Bought a grey potion for 29 gold pieces
   936 | D        | Bought a scroll labelled SONALE URAESADOQO for 33 gold
                  | pieces
   937 | D        | Bought a fizzy amethyst potion for 20 gold pieces
   937 | D        | Bought a scroll labelled WATHUOSAJO for 23 gold pieces
   937 | D        | Bought a scroll labelled HOC YSIMUNEA for 23 gold pieces
   937 | D        | Bought a bubbling black potion for 20 gold pieces
   939 | D        | Bought a shimmering short sword for 192 gold pieces
   939 | D        | Identified the +9 short sword of Uskayaw's Castigation
                  | {flame, rF++} (You bought it in a shop in the Dungeon)
   966 | D        | Bought a scroll of identify for 20 gold pieces
   970 | D        | Bought a scroll of identify for 26 gold pieces
  1063 | D        | Bought a wand of charming (4) for 230 gold pieces
  1123 | D        | Bought a potion of curing for 30 gold pieces
  1123 | D        | Bought a potion of heal wounds for 50 gold pieces
  1123 | D        | Bought a potion of flight for 30 gold pieces
  1123 | D        | Bought a potion of curing for 30 gold pieces
  1123 | D        | Bought a potion of flight for 30 gold pieces
  1359 | D        | Bought a potion of haste for 100 gold pieces
  1359 | D        | Bought a potion of mutation for 80 gold pieces
  1359 | D        | Bought a potion of resistance for 100 gold pieces
  1359 | D        | Bought a potion of haste for 100 gold pieces
  1360 | D        | Bought a wand of charming (4) for 96 gold pieces
  1360 | D        | Bought a scroll of torment for 95 gold pieces
  1360 | D        | Bought a potion of curing for 30 gold pieces
  1407 | D        | Noticed a lindwurm
  1410 | D        | Killed a lindwurm
  1531 | D        | Bought a potion of curing for 99 gold pieces
  1532 | D        | Bought a potion of haste for 230 gold pieces
  1532 | D        | Bought a potion of curing for 69 gold pieces
  1533 | D        | Bought a potion of flight for 39 gold pieces
  1533 | D        | Bought a potion of might for 52 gold pieces
  1533 | D        | Bought a potion of might for 52 gold pieces
  1570 | D        | Bought the +1 robe "Woyrept" {Fly Int-2 Dex+4} for 209 gold
                  | pieces
  1748 | D        | Noticed a lorocyproca
  1754 | D        | Killed a lorocyproca
  1949 | D        | Bought a box of beasts for 1240 gold pieces
  2014 | D        | Noticed a 12-headed hydra
  2016 | D        | Killed a 12-headed hydra
  2017 | D        | Reached skill level 15 in Evocations
  2087 | D        | Noticed a shadow dragon
  2089 | D        | Noticed a golden dragon
  2089 | D        | Identified the +8 long sword of the Grand God {antimagic,
                  | rElec rCorr Str+7 Int-5}
  2090 | D        | Killed a golden dragon
  2091 | D        | Reached skill level 10 in Fighting
  2091 | D        | Reached XP level 12. HP: 67/67 MP: 13/13
  2091 | D        | Killed a shadow dragon
  2168 | D        | Found Ythro's Weapon Shoppe.
  2219 | D        | Bought a scroll of blinking for 75 gold pieces
  2219 | D        | Bought a phial of floods for 400 gold pieces
  2219 | D        | Bought a piece from Xom's chessboard (15/15) for 200 gold
                  | pieces
  2219 | D        | Bought a scroll of blinking for 75 gold pieces
  2219 | D        | Bought a potion of heal wounds for 50 gold pieces
  2238 | D        | Noticed a daeva
  2262 | D        | Killed a daeva
  2510 | D        | Noticed a fire giant
  2513 | D        | Noticed a fire giant
  2514 | D        | Noticed a fire giant
  2515 | D        | Noticed a fire giant
  2517 | D        | Killed a fire giant
  2521 | D        | Killed a fire giant
  2524 | D        | Killed a fire giant
  2526 | D        | Killed a fire giant
  2573 | D        | Found the +4 dragonskin cloak
  2573 | D        | Noticed Tiamat
  2588 | D        | Killed Tiamat
  2684 | D        | Bought a scroll of blinking for 82 gold pieces
  2684 | D        | Bought 3 scrolls of identify for 66 gold pieces
  2684 | D        | Bought a scroll of acquirement for 572 gold pieces
  2684 | D        | Bought 3 scrolls of blinking for 247 gold pieces
  2684 | D        | Bought a scroll of identify for 22 gold pieces
  2684 | D        | Bought a scroll of identify for 22 gold pieces
  2704 | D        | Acquired 781 gold pieces
  2711 | D        | Bought a scroll of identify for 30 gold pieces
  2711 | D        | Bought a scroll of identify for 30 gold pieces
  2711 | D        | Bought a scroll of identify for 30 gold pieces
  2711 | D        | Bought a scroll of identify for 30 gold pieces
  2711 | D        | Bought a scroll of identify for 30 gold pieces
  2711 | D        | Bought a scroll of identify for 30 gold pieces
  2721 | D        | Bought an amulet of the acrobat for 330 gold pieces
  2789 | D        | Noticed a deep elf annihilator
  2795 | D        | Reached skill level 15 in Short Blades
  2797 | D        | Noticed a mummy priest
  2804 | D        | Killed a mummy priest
  2805 | D        | Reached XP level 13. HP: 35/74 MP: 14/14
  2852 | D        | Killed a deep elf annihilator
  3006 | D        | Noticed the 27-headed Lernaean hydra
  3013 | D        | HP: 2/75 [the 27-headed Lernaean hydra (9)]
  3025 | D        | Killed the 27-headed Lernaean hydra
  3032 | D        | Noticed Lom Lobon
  3033 | D        | Killed by an exploding ball lightning

Illustrated notes

Levels and vault maps discovered:
D:        dungeon_sprint_1 [red_sonja_temple_1, red_sonja_temple_small_1]

Skill      XL: |  1  2  3  4  5  6  7  8  9 10 11 12 13 |
---------------+----------------------------------------+-----
Stealth        | 9 14 18 25 26 27 | 27.0
Fighting       | 1 4 6 7 10 11 12 | 12.4
Short Blades   | 1 5 7 10 12 15 | 15.7
Dodging        | 7 10 14 19 22 23 | 23.8
Evocations     | 7 10 12 15 18 | 18.9

Action                     |  1- 3 |  4- 6 |  7- 9 | 10-12 | 13-15 || total
---------------------------+-------+-------+-------+-------+-------++-------
  Melee: Club              |     7 |       |       |       |       ||     7
         Dagger            |     1 |     4 |       |       |       ||     5
         Rapier            |       |       |    55 |    48 |       ||   103
         Punch             |       |       |     1 |     3 |       ||     4
         Short sword       |       |       |       |   106 |    28 ||   134
 Invoke: Call Merchant     |       |       |       |     3 |       ||     3
  Evoke: Wand              |     1 |       |       |    48 |       ||    49
         Piece from Xom's  |       |       |       |     2 |     5 ||     7
         Box of beasts     |       |       |       |     1 |     1 ||     2
         Lightning rod     |       |       |       |       |     4 ||     4
         Phial of floods   |       |       |       |       |     1 ||     1
    Use: Potion            |     2 |       |       |    13 |    14 ||    29
         Scroll            |       |       |       |    16 |     8 ||    24
   Stab: Sleeping          |     1 |     4 |     8 |    32 |       ||    45
         Distracted        |       |       |       |     1 |     1 ||     2
         Invisible         |       |       |       |       |     3 ||     3
 Armour: Shadow dragon sca |       |       |       |    33 |    29 ||    62
         Robe              |       |       |       |     1 |       ||     1
  Dodge: Dodged            |     4 |       |       |   102 |    31 ||   137
